← All builds
Suicide front / Armada / Factory first / OBSERVED BUILD

Standard suicide front

The role's default: factory first (mostly Bot Lab), pushing Rocketeer-led bot play into the middle to contest and hold the front, with an Advanced Metal Extractor around 9:36 as the natural transition.

Usually lab first (63%)

#raid #push · 1291 distinct matches · 127 players · 71% of Armada Suicide front games · team won 59% of 1529 · Recently observed

HOW TO PLAY IT

Key timing: Bot Lab by 0:20

  1. Open with mex and wind, drop Bot Lab immediately.
  2. Push out first "Centurion" as Pond's boost lands.
  3. Send "Rocketeer", "Centurion", "Pawn" mix to contest middle.
  4. Add Dragon's Teeth and Sentries to hold the line.
  5. Get Advanced Metal Extractor up as T2 nears.

Phase by phase

TYPICAL OF ITS 1291 GAMES
  1. 1
  2. 2
  3. 3
PLAY THE OPENING

Follow the example game's first 6:00 step by step: what to build now, what comes next, and where it goes. At 1× it keeps pace with your own game.

  1. 1

    Bot Lab first

    Order
    1. Bot LabBot Lab done ~0:20, middle half 0:20–0:33

    Some games also: mex (36%)

  2. 2

    Bot Lab to 5:00

    Economy
    • Metal Extractor5Mex
    • Wind Turbine4Wind
    Builders
    • Construction Bot3 Con bot
    • Lazarus2 Lazarus
    Army
    • Sentry4 Sentry
    • Rocketeer17 Rocketeer
    • Tick2 Tick
    • Centurion1 Centurion
    Other
    • Radar Tower1 Radar Tower

    Some games also: con turret (35%) · pawn (32%)

    By 5:00 in all: 5 mex · 4 wind

    The example game in this phase · 32 steps
    1. TickTick
    2. TickTickfor Pond
    3. LazarusLazarus ×2
    4. Construction BotCon bot
    5. CenturionCenturion
    6. Construction BotCon bot ×2
    7. RocketeerRocketeer ×2
    8. SentrySentry
    9. Construction BotCon bot ×2
    10. Radar TowerRadar Tower
    11. RocketeerRocketeer
    12. Mex
    13. TickTick
    14. LazarusLazarus
    15. SentrySentry
    16. Mex
    17. RocketeerRocketeer ×3
    18. PawnPawn
    19. BeamerBeamer
    20. PawnPawn ×2
    21. RocketeerRocketeer
    22. Construction BotCon bot
    23. Con turret
    24. TickTick
    25. Mex
    26. LazarusLazarus
    27. RocketeerRocketeer ×4
    28. TickTick
    29. LazarusLazarus
    30. Wind
    31. Sneaky PeteSneaky Pete
    32. RocketeerRocketeer
  3. 3

    5:00 to 10:00

    Economy
    • Metal Extractor1Mex
    • Wind Turbine17Wind
    Builders
    • Construction Turret2 Con turret
    • Lazarus2 Lazarus
    • Construction Bot1 Con bot
    Army
    • Sentry1 Sentry
    • Rocketeer8 Rocketeer
    • Pawn1 Pawn

    Some games also: tick (47%) · energy storage (46%) · Radar Tower (46%) · centurion (45%) · Beamer (39%)

    By 10:00 in all: 6 mex · 23 wind · 1 energy storage · 3 con turret

    The example game in this phase · 83 steps
    1. RocketeerRocketeer ×2
    2. BeamerBeamer
    3. Dragon's TeethDragon's Teeth ×4
    4. RocketeerRocketeer
    5. Dragon's TeethDragon's Teeth ×3
    6. TickTick
    7. Dragon's TeethDragon's Teeth
    8. LazarusLazarus
    9. Dragon's TeethDragon's Teeth ×2
    10. RocketeerRocketeer
    11. Dragon's TeethDragon's Teeth ×3
    12. RocketeerRocketeer ×3
    13. TickTick
    14. LazarusLazarus
    15. RocketeerRocketeer ×4
    16. TickTick
    17. LazarusLazarus
    18. Mex
    19. RocketeerRocketeer ×2
    20. Solar
    21. RocketeerRocketeer ×2
    22. SentrySentry
    23. Mex
    24. RocketeerRocketeer ×2
    25. TickTick
    26. LazarusLazarus
    27. RocketeerRocketeer ×3
    28. Construction BotCon bot ×2
    29. LazarusLazarus
    30. PawnPawn
    31. Dragon's TeethDragon's Teeth ×3
    32. PawnPawn
    33. Dragon's TeethDragon's Teeth ×2
    34. Wind
    35. Dragon's TeethDragon's Teeth
    36. Con turret
    37. PawnPawn
    38. Wind
    39. LazarusLazarus
    40. Wind ×2
    41. TickTick
    42. Wind
    43. TickTick ×2
    44. Energy storage
    45. Wind
    46. TickTick
    47. Wind
    48. TickTick
    49. Advanced Metal ExtractorT2 mexdone 14:14 · typical 9:36
    50. TickTick
    51. Wind
    52. TickTick ×3
    53. Wind
    54. TickTick
    55. Wind
    56. TickTick
    57. Converter
    58. TickTick
    59. Wind
    60. TickTick
    61. Wind
    62. Converter
    63. TickTick ×2
    64. Wind
    65. LazarusLazarus
    66. Converter
    67. Wind ×2
    68. TickTick ×2
    69. Advanced solar
    70. Wind
    71. Metal storage
    72. TickTick
    73. Advanced Metal ExtractorT2 mex
    74. Wind
    75. TickTick
    76. Advanced Metal ExtractorT2 mex
    77. Advanced solar
    78. TickTick
    79. Advanced solar
    80. Wind
    81. TickTick ×2
    82. Wind
    83. TickTick ×2

Counts are medians over the build's games: half of them build more, half fewer. The example game is yubiyubi's (42 OS, 31/08/2026); pick another.

Team trades

IN AT LEAST 30% OF ITS GAMES

You hand over

Nothing regular.

You get

  • Tidal Generator4 Tidal from Pondfirst at 0:10 · in 69% of games
  • Advanced Construction Bot1 T2 con bot from Geo or Techfirst at 7:30 · in 59% of games

How it plays out

Typical game of this build, running totals by minute

Metal produced

010k20k30k
0:005:0010:0015:00

metal

Enemy metal destroyed

05k10k
0:005:0010:0015:00

metal

Own metal lost

05k10k
0:005:0010:0015:00

metal

1529 games.

Show as table
ByMetal produced: This buildEnemy metal destroyed: This buildOwn metal lost: This build
1:0022600
2:0088800
3:002051180106
4:003161658496
5:00424314131026
6:00543322981789
7:00667031752710
8:00792040313619
9:00931747964495
10:001069954265316
11:001226559036054
12:001411365126830
13:001622270137536
14:001810976968373
15:002046683299249
WHAT THE NUMBERS SAY

Standard suicide front play wins slightly more than half its games with fast kills but also fast losses, matching the raw grind of the role.

  • + First kill lands by 2:04 in all games
  • + Metal produced reaches 19882 by 15:00
  • − Own metal lost hits 9208 by 15:00, near metal destroyed of 8172
  • − First unit lost as early as 2:08 in every game
THE EXAMPLE YOU ARE READING

yubiyubi

42.2 OS · 31/08/2026

Open source match ↗

13 received units · includes a constructor
80 metal received · 15312 energy received

Allied construction assistance is unknown. Timings are observations, not a promise of solo reproducibility.

Typical milestones

Bot Lab0:20Middle 50%: 0:20–0:33 · n=1522
Advanced Metal Extractor9:36Middle 50%: 8:41–10:48 · n=1128

Played most by

_X_253games of this buildPlatinumBlonde181games of this buildXad120games of this buildImmort73games of this buildwatermeloans60games of this build